 Dungeon Crawl Stone Soup version 0.31.0-11-ge490571c62 (webtiles) character file.

Game seed: 2762405530394791060

3852 SnakkuSnakku7 the Martial Artist (level 10, -2/65 HPs)
             Began as a Merfolk Conjurer on Feb 1, 2024.
             Was a Follower of Ru.
             Slain by Erica
             ... wielding a +2 scimitar of flaming
              (16 damage)
             ... on level 8 of the Dungeon.
             The game lasted 00:12:55 (7109 turns).

SnakkuSnakku7 the Martial Artist (Merfolk Conjurer) Turns: 7109, Time: 00:12:56

Health: -2/65      AC:  1    Str: 11    XL:     10   Next: 18%
Magic:  13/13      EV: 17    Int: 18    God:    Ru [*.....]
Gold:   391        SH:  0    Dex: 13    Spells: 13/13 levels left

rFire   + .          .
                       - Unarmed
rCold   . . .        (shield currently unavailable)
rNeg    . . .        n - melded +0 ring mail
rPois   .            (no helmet)
rElec   .            (no cloak)
rCorr   .            g - +0 pair of gloves
SInv    .            (no boots)
Will    .....        y - amulet of regeneration
Stlth   +            s - ring of protection from fire
HPRegen 1.10/turn    (no ring)
MPRegen 0.13/turn

%: no passive effects
@: flux-form, glowing, constricted
A: glow, contaminating, inability to read after injury 2, (nimble swimmer 2),
mertail
a: Begin Untransformation, Renounce Religion


You were on level 8 of the Dungeon.
You worshipped Ru.
Ru was aware of your devotion.
You were something dangerously unstable.
You visited 2 branches of the dungeon, and saw 9 of its levels.

You collected 391 gold pieces.

Inventory:

Missiles
 t - 2 curare-tipped darts
Armour
 a - a +0 robe
 d - a +0 leather armour
 g - a +0 pair of gloves (worn)
 n - a +0 ring mail (melded)
Jewellery
 s - a ring of protection from fire (left hand)
 y - an amulet of regeneration (around neck)
Talismans
 h - a flux talisman (active)
Wands
 l - a wand of polymorph (8)
 w - a wand of roots (1)
Scrolls
 f - a scroll of enchant weapon {unknown}
 k - a scroll of torment {unknown}
 m - 2 scrolls of fog {unknown}
 o - 2 scrolls of revelation
 u - 2 scrolls of immolation
 x - a scroll of poison {unknown}
Potions
 b - a potion of magic
 c - 2 potions of mutation {unknown}
 i - 2 potions of curing {unknown}
 p - 2 potions of resistance {unknown}
 q - 2 potions of heal wounds {unknown}
 r - 2 potions of degeneration {unknown}
 v - 3 potions of attraction {unknown}
 z - a potion of might
 A - 2 potions of ambrosia {unknown}
 B - a potion of cancellation {unknown}


   Skills:
 - Level 1.2 Fighting
 + Level 9.5 Dodging
 - Level 2.1 Stealth
 - Level 10.1 Unarmed Combat
 - Level 2.0 Spellcasting
 - Level 3.2 Conjurations
 - Level 10.0 Shapeshifting


You had 13 spell levels left.
You didn't know any spells.
Your spell library contained the following spells:

 Spells                   Type           Power      Damage    Failure   Level
 Magic Dart               Conj           52%        1d5       4%          1
 Searing Ray              Conj           26%        2d5       7%          2
 Foxfire                  Conj/Fire      28%        2x1d5     10%         1
 Shock                    Conj/Air       28%        1d4       10%         1
 Sting                    Conj/Alch      28%        1d4       10%         1
 Apportation              Tloc           2%         N/A       19%         1
 Necrotise                Necr           4%         1d4       19%         1
 Summon Small Mammal      Summ           4%         N/A       19%         1
 Ensorcelled Hibernation  Hex/Ice        2%         N/A       26%         2
 Mercury Vapours          Alch/Air       2%         N/A       26%         2
 Sublimation of Blood     Necr           1%         N/A       26%         2
 Mephitic Cloud           Conj/Alch/Air  5%         N/A       34%         3
 Passwall                 Erth           1%         N/A       47%         3
 Swiftness                Air            1%         N/A       47%         3
 Vampiric Draining        Necr           1%         2d6       47%         3
 Fulminant Prism          Conj/Alch      3%         3d5       67%         4
 Iskenderun's Mystic Bla  Conj/Tloc      7%         2d4       67%         4
 Airstrike                Air            0%         2d(1-17)  87%         4
 Martyr's Knell           Necr/Summ      1%         N/A       87%         4
 Petrify                  Alch/Erth      1%         N/A       87%         4
 Irradiate                Conj/Alch      3%         3d12      95%         5
 Freezing Cloud           Conj/Ice/Air   2%         6-21      97%         5
 Curse of Agony           Necr           1%         N/A       99%         5
 Plasma Beam              Fire/Air       0%         2x1d10    100%        6
 Starburst                Conj/Fire      3%         6d3       100%        6


Dungeon Overview and Level Annotations

Branches:
Dungeon (8/15)             Temple (1/1) D:5
   Lair: D:8-11

Altars:
Ashenzari
Cheibriados
Dithmenos
Gozag
Kikubaaqudgha
Makhleb
Nemelex Xobeh
Okawaru
Qazlal
Ru
Sif Muna
Trog
Uskayaw
Vehumet
Wu Jian
Xom
Yredelemnul
Zin
The Shining One

Annotations:
D:8 Erica


Innate Abilities, Weirdness & Mutations

You are something dangerously unstable.
You glow with magical radiation, making you easy to see and hit.
Foes you strike become dangerously contaminated with magical radiation.
You are incapable of wielding weapons or throwing items.
You sometimes lose the ability to read scrolls when taking damage.
((You are very nimble when in or above water. (Stealth+, EV+, Speed+++)))
Your lower body shifts to a powerful aquatic tail in water.


Message History

The shadow imp closely misses you.
You hit the shadow imp.
The shadow imp begins to glow.
The shadow imp is moderately wounded.
The shadow imp misses you.
You hit the shadow imp.
The shadow imp glows dangerously bright.
The shadow imp is heavily wounded.
You punch the shadow imp!
You kill the shadow imp!
The shadow imp hits you.
You punch the shadow imp!
The shadow imp begins to glow.
The shadow imp is severely wounded.
The shadow imp hits you.
You hit the shadow imp.
You kill the shadow imp!
Erica the Fiery-Tempered comes into view.
She is wielding a +2 scimitar of flaming.
Erica moves out of view.
Erica casts a spell at you. The bolt of poison misses you.
Erica casts a spell.
Erica flickers and vanishes!
Deactivating autopickup; reactivate with Ctrl-A.
You redirect something's attack!
Something hits you! Something burns you. Something grabs you.
You are constricted.
* * * LOW HITPOINT WARNING * * *
Erica's grasp on you weakens, but your attempt to escape fails.
Something barely misses you.
You are constricted.
* * * LOW HITPOINT WARNING * * *
Okay, then.
Aiming: Polymorph
Press: ? - help, Shift-Dir - straight line Nothing appears to happen.
You are constricted.
* * * LOW HITPOINT WARNING * * *
Unknown command.
Unknown command.
Aiming: Polymorph
Press: ? - help, Shift-Dir - straight line Nothing appears to happen.
Something hits you!
You die...

#....#..... #........#
.. #........+ ...
#........###..#
#..<.....#...
#...))...#.#
#....#.....#####
#....#.........#
#.p..#.........#
#{#######......# #.##
#.)....# #..# #.)5...#
#####.######....###
##..8..8...##......
#...........#........
#.P..P.............<..
#...P....8...P........


There were no monsters in sight!

Vanquished Creatures
  A wolf spider zombie (D:8)
  A centaur zombie (D:8)
  A centaur skeleton (D:8)
  A hellwing (D:8)
  Prince Ribbit (D:5)
  Sigmund (D:2)
  Eustachio (D:5)
  An ice beast (D:6)
  2 orc warriors (D:7)
  2 black bears
  3 ogres
  A phantom (D:5)
  A kobold brigand (D:8)
  Blork the orc (D:4)
  2 bullfrogs
  2 scorpions
  A vampire bat (D:5)
  3 bombardier beetles
  2 jellies
  A gnoll bouda (D:5)
  3 hounds
  4 orc priests
  2 sleepcaps
  An iguana (D:6)
  An orc wizard (D:6)
  11 gnolls
  13 adders
  5 shadow imps
  2 white imps
  A dart slug (D:3)
  3 fire bats (D:5)
  3 ribbon worms
  18 orcs
  2 spectral bats (D:5)
  3 bat skeletons (D:5)
  A bat zombie (D:5)
  11 endoplasms
  5 giant cockroaches
  11 goblins
  6 hobgoblins
  3 jackals (D:1)
  5 quokkas
  4 ball pythons
  17 bats
  A bat simulacrum (D:5)
  5 frilled lizards
  8 kobolds
  6 rats
184 creatures vanquished.

Notes
Turn   | Place    | Note
-------+----------+-------------------------------------------
     0 | D:1      | SnakkuSnakku7 the Merfolk Conjurer began the quest for the
                  | Orb.
     0 | D:1      | Reached XP level 1. HP: 13/13 MP: 3/3
     1 | D:1      | Found a runed translucent door.
   280 | D:1      | Reached skill level 1 in Fighting
   280 | D:1      | Reached skill level 1 in Unarmed Combat
   280 | D:1      | Reached XP level 2. HP: 7/21 MP: 0/5
   588 | D:1      | Reached skill level 1 in Shapeshifting
   999 | D:2      | Reached XP level 3. HP: 18/26 MP: 2/6
  1130 | D:2      | Noticed Sigmund
  1396 | D:2      | Reached XP level 4. HP: 26/32 MP: 2/7
  1455 | D:2      | Identified the amulet "Wegh" {Faith Will- Dex+3}
  1479 | D:2      | Found a faded altar of an unknown god.
  1528 | D:2      | Found an ornate altar of the Wu Jian Council.
  2043 | D:3      | Reached XP level 5. HP: 34/37 MP: 8/8
  2093 | D:3      | Found a glowing golden altar of the Shining One.
  2922 | D:2      | Killed Sigmund
  2923 | D:2      | Reached skill level 5 in Shapeshifting
  2923 | D:2      | Reached XP level 6. HP: 43/43 MP: 3/9
  3005 | D:2      | Reached skill level 5 in Unarmed Combat
  3680 | D:4      | Reached XP level 7. HP: 41/48 MP: 10/10
  4126 | D:4      | Noticed Blork the orc
  4146 | D:4      | Killed Blork the orc
  4148 | D:4      | Found a shimmering blue altar of Sif Muna.
  4201 | D:5      | Entered Level 5 of the Dungeon
  4202 | D:5      | Found a staircase to the Ecumenical Temple.
  4205 | D:5      | Noticed Prince Ribbit
  4212 | Temple   | Entered the Ecumenical Temple
  4264 | Temple   | Became a worshipper of Ru the Awakened
  4446 | D:5      | Killed Prince Ribbit
  4519 | D:5      | Found a radiant altar of Vehumet.
  4636 | D:5      | Reached XP level 8. HP: 54/54 MP: 2/11
  5135 | D:5      | Noticed Eustachio
  5150 | D:5      | Killed Eustachio
  5416 | D:6      | Found a hide-covered altar of Uskayaw.
  5752 | D:6      | Reached XP level 9. HP: 42/59 MP: 12/12
  6044 | D:7      | Gained mutation: You occasionally lose the ability to read
                  | scrolls when taking damage. [Ru sacrifice]
  6044 | D:7      | Gained mutation: You sometimes lose the ability to read
                  | scrolls when taking damage. [Ru sacrifice]
  6044 | D:7      | Reached * piety under Ru
  6605 | D:7      | Reached skill level 10 in Unarmed Combat
  6824 | D:7      | Reached skill level 10 in Shapeshifting
  6986 | D:8      | Reached XP level 10. HP: 18/65 MP: 13/13
  7097 | D:8      | Noticed Erica
  7109 | D:8      | Slain by Erica

Illustrated notes

Levels and vault maps discovered:
D:1:      dpeg_arrival_caged_fury, layout_basic
D:2:      layout_basic, basic_altar,
          dreamdust_ecumenical_altar_angels_and_demons, uniq_sigmund
D:3:      layout_loops_ring, mainiacjoe_overflow_alcove_4,
          kennysheep_generic_room_6
D:4:      layout_layer_cave, tgw_sif
D:5:      layout_rooms, mainiacjoe_overflow_24_doors, minmay_temple_entry_mist,
          mrwooster_statue_mirror, goddamned_bats, uniq_eustachio,
          uniq_prince_ribbit1
D:6:      layout_loops_ring, nicolae_uskayaw_dance_hall
D:7:      layout_basic
D:8:      cheibrodos_grave_circle, layout_basic, fedhas_altar_fruit_tree,
          enter_bailey_5, nicolae_kite_square_tiling_tiny, uniq_erica,
          uniq_joseph
Temple:   regret_index_temple_waves

Skill      XL: |  1  2  3  4  5  6  7  8  9 10 |
---------------+-------------------------------+-----
Fighting       | 1 |  1.2
Unarmed Combat | 1 2 3 4 5 6 9 10 | 10.1
Shapeshifting  | 1 2 3 5 7 8 10 | 10.0
Dodging        | 7 9 |  9.5
Stealth        | |  2.1
Spellcasting   | |  2.0
Conjurations   | |  3.2

Action                     |  1- 3 |  4- 6 |  7- 9 | 10-12 || total
---------------------------+-------+-------+-------+-------++-------
  Melee: Unarmed           |   133 |   247 |   412 |    26 ||   818
         Punch             |     2 |     8 |     5 |       ||    15
         Tailslap          |       |       |     2 |       ||     2
  Throw: Dart              |       |     4 |     2 |       ||     6
   Cast: Magic Dart        |    42 |    29 |    41 |       ||   112
 Invoke: Sacrifice Words   |       |       |     1 |       ||     1
  Evoke: Wand              |       |       |     3 |     2 ||     5
    Use: Scroll            |       |     1 |     5 |       ||     6
         Potion            |       |       |     3 |       ||     3
   Stab: Sleeping          |       |     2 |       |       ||     2
 Armour: Robe              |    11 |       |       |       ||    11
         Leather armour    |    52 |       |       |       ||    52
         Ring mail         |    19 |   165 |    39 |       ||   223
         Skin              |       |       |   206 |    23 ||   229
  Dodge: Dodged            |    93 |   132 |   392 |    25 ||   642
   Form: Flux              |       |       |     1 |       ||     1
